 Dungeon Crawl Stone Soup version 0.30.1-11-g7821555f0a (webtiles) character file.

Game seed: 4566315090096174335

29106 MoonRiver the Severer (level 13, 0/119 HPs)
             Began as a Purple Draconian Monk on Nov 27, 2023.
             Was a High Priest of Qazlal.
             Slain by a wolf spider (11 damage)
             ... on level 1 of the Spider Nest.
             The game lasted 00:44:41 (11148 turns).

MoonRiver the Severer (Purple Draconian Monk)      Turns: 11148, Time: 00:44:41

Health: 0/119      AC: 12    Str: 24    XL:     13   Next: 13%
Magic:  13/13      EV: 21    Int: 12    God:    Qazlal [*****.]
Gold:   971        SH: 12    Dex: 13    Spells: 12/12 levels left

rFire   . . .        v - +5 war axe (elec)
rCold   . . .        c - orb {light}
rNeg    . . .        (body armour unavailable)
rPois   .            (helmet restricted)
rElec   .            a - +1 cloak
rCorr   .            D - +0 pair of gloves
SInv    .            x - +0 pair of boots
Will    +....        w - amulet of reflection
Stlth   +            i - +6 ring of strength
HPRegen 0.39/turn    t - +5 ring of evasion
MPRegen 0.13/turn

%: repel missiles, reflection
@: lethally poisoned (0 -> -20), glowing
A: breathe power, AC +8, unfitting armour, cold-blooded, stinger 1
a: Breathe Dispelling Energy, Renounce Religion, Upheaval, Elemental Force,
Disaster Area


You were on level 1 of the Spider Nest.
You worshipped Qazlal.
Qazlal was extremely pleased with you.
You visited 3 branches of the dungeon, and saw 12 of its levels.
You also visited: Bailey.

You collected 971 gold pieces.

Inventory:

Hand Weapons
 e - the +6 long sword of Dailacw {vamp, Fly Dex+2}
   (You found it on level 3 of the Lair of Beasts)

   Dex:       It affects your dexterity (+2).
   Fly:       It grants you flight.
 v - a +5 war axe of electrocution (weapon)
Missiles
 l - a throwing net
 p - 17 poisoned darts (quivered)
 A - a curare-tipped dart
Armour
 a - a +1 cloak (worn)
 c - an orb of light (worn)
 q - a scarf of resistance
 x - a +0 pair of boots (worn)
 D - a +0 pair of gloves (worn)
Jewellery
 i - a +6 ring of strength (left hand)
 o - a ring of poison resistance
 t - a +5 ring of evasion (right hand)
 w - an amulet of reflection (around neck)
 C - a ring of resist corrosion
 F - an amulet of regeneration
Wands
 d - a wand of polymorph (9)
 m - a wand of flame (15)
 n - a wand of paralysis (10)
 y - a wand of light (7)
 B - a wand of iceblast (15)
Scrolls
 k - a scroll of fear
 G - a scroll of teleportation
 H - a scroll of magic mapping
 I - a scroll of identify
Potions
 b - a potion of ambrosia
 f - a potion of heal wounds
 g - 5 potions of flight
 h - 3 potions of brilliance
 j - 2 potions of invisibility
 r - 2 potions of magic
 s - a potion of might
 u - 2 potions of resistance {unknown}
 z - a potion of attraction {unknown}
 E - 2 potions of lignification {unknown}
 J - a potion of haste {unknown}


   Skills:
 * Level 12.4 Fighting
 - Level 1.5 Short Blades
 * Level 16.9 Axes
 * Level 9.6 Dodging
 - Level 0.1 Stealth
 + Level 1.2 Invocations


You had 12 spell levels left.
You didn't know any spells.
Your spell library contained the following spells:

 Spells                   Type           Power      Damage    Failure   Level
 Kiss of Death            Conj/Necr      0%         2d5       32%         1
 Magic Dart               Conj           0%         1d3       32%         1
 Call Imp                 Summ           0%         N/A       45%         2
 Ensorcelled Hibernation  Hex/Ice        0%         N/A       45%         2
 Passwall                 Tmut/Erth      0%         N/A       45%         2
 Scorch                   Fire           0%         2d5       45%         2
 Confusing Touch          Hex            0%         N/A       69%         3
 Ignite Poison            Fire/Tmut/Pois 0%         N/A       69%         3
 Mephitic Cloud           Conj/Pois/Air  0%         N/A       69%         3
 Summon Guardian Golem    Hex/Summ       0%         N/A       69%         3
 Swiftness                Air            0%         N/A       69%         3
 Vhi's Electric Charge    Tloc/Air       0%         N/A       69%         3
 Dispel Undead            Necr           0%         3d6       97%         4
 Flame Wave               Conj/Fire      0%         2d4       97%         4
 Sticky Flame             Conj/Fire      0%         2d3       97%         4
 Arcjolt                  Conj/Air       0%         1d10      100%        5
 Plasma Beam              Fire/Air       0%         2x1d11    100%        6
 Summon Cactus Giant      Summ           0%         N/A       100%        6
 Orb of Destruction       Conj           0%         9d5       100%        7
 Spellforged Servitor     Conj/Summ      0%         N/A       100%        7
 Ignition                 Fire           0%         3d3       100%        8


Dungeon Overview and Level Annotations

Branches:
Dungeon (8/15)             Temple (0/1) D:7            Lair (3/5) D:8
 Shoals (0/4) Lair:2       Spider (1/4) Lair:3       Bailey (visited)

Altars:
Dithmenos
Gozag
Makhleb
Qazlal
Vehumet
Wu Jian


Innate Abilities, Weirdness & Mutations

You can breathe bolts of dispelling energy.
Your rich purple scales are hard. (AC +8)
You cannot fit into any form of body armour.
You are cold-blooded and may be slowed by cold attacks.
Your tail ends in a venomous barb.


Message History

A culicivora comes into view.
The boulder beetle stops rolling and uncurls.
The culicivora misses you. The wolf spider closely misses you.
You block the wolf spider's attack. The redback bites you!
You block the culicivora's attack.
Activating: Disaster Area (71% risk of failure)
Press: ? - help, Dir - look around, f - activate You fail to use your ability.
You block the culicivora's attack.
You block the wolf spider's attack. x2; The redback closely misses you.
The culicivora completely misses you. The culicivora bites you!
* * * LOW HITPOINT WARNING * * *
The culicivora draws strength from your injuries!
The wolf spider misses you. The wolf spider bites you.
* * * LOW HITPOINT WARNING * * *
You are lethally poisoned!
The wolf spider poisons you!
A redback comes into view.
The jumping spider leaps!
You feel much better.
* * * LOW HITPOINT WARNING * * *
You feel extremely sick.
You hear a hideous shriek! x2; You hear a faint skittering sound.
You block the redback's attack.
The culicivora's wounds heal themselves!
The boulder beetle waves its antennae.
The boulder beetle leaps!
The culicivora closely misses you. The wolf spider hits you!
* * * LOW HITPOINT WARNING * * *
The wolf spider bites you but does no damage.
The redback completely misses you. The culicivora misses you.
You hear a hideous shriek!
You slash the culicivora!
The culicivora is moderately wounded.
You slash the wolf spider! You hit the redback. You slash the culicivora!
Lightning courses through the culicivora!
* * * LOW HITPOINT WARNING * * *
You feel very sick.
The culicivora is healed somewhat.
The wolf spider closely misses you. The wolf spider bites you!
You die...

. # . #.(# #
.#. #$ .. ^#.#
##. #s...#s^##
# #.s†#s##..#
#s@s○..#
#..°s##.#....#
s.s..##
#.#^..? .#.#
..###. # #..#
##.. .#. #


You could see a demonic crawler, 2 wolf spiders, 2 culicivoras, 2 jumping
spiders and 2 redbacks.

Vanquished Creatures
  A hydra (Lair:3)
  A two-headed ogre (D:8)
  The ghost of andronian the Spear-Bearer, a novice MfMo (D:5)
  An orb spider (Lair:3)
  Pikel (D:5)
  An orc knight (Bailey)
  A wolf spider (Spider:1)
  10 elephants
  6 black mambas
  7 cane toads
  A demonic crawler (Spider:1)
  Maggie (Lair:1)
  A rime drake (Lair:3)
  7 komodo dragons
  2 trolls (D:5)
  11 blink frogs
  A hornet (Lair:3)
  A tarantella (Spider:1)
  Grinder (D:5)
  Prince Ribbit (D:5)
  A jumping spider (Spider:1)
  4 wyverns (D:8)
  A wraith (D:5)
  Sigmund (D:3)
  A shadow (D:8)
  20 yaks
  2 redbacks (Spider:1)
  A steam dragon (Lair:3)
  Menkaure (D:4)
  3 basilisks
  Edmund (D:5)
  An acid dragon (D:8)
  11 water moccasins
  10 orc warriors
  3 ice beasts
  4 black bears
  3 ogres
  4 centaurs
  9 wolves
  A phantom (D:5)
  2 lemures (D:5)
  2 kobold brigands (D:8)
  2 gnoll sergeants
  9 bullfrogs
  A wyvern zombie (D:5)
  7 scorpions
  2 electric eels (Lair:2)
  2 howler monkeys
  2 bullfrog zombies (D:5)
  A hound (D:6)
  Crazy Yiuf (D:4)
  4 orc priests
  Jessica (D:2)
  4 sleepcaps
  Ijyb (D:5)
  Natasha (thrice) (D:2)
  2 iguanas (D:5)
  8 orc wizards
  11 gnolls
  4 adders
  2 shadow imps
  3 white imps
  2 ufetubi
  A worm (D:2)
  5 dart slugs
  38 orcs
  7 bats
  5 endoplasms
  2 giant cockroaches
  13 goblins
  10 hobgoblins
  10 jackals
  7 kobolds
  A quokka (D:1)
  8 ball pythons
  4 frilled lizards
  A rat (D:2)
327 creatures vanquished.

Vanquished Creatures (collateral kills)
  2 elephants (Lair:2)
2 creatures vanquished.

Vanquished Creatures (others)
  An electric eel (Lair:3)
1 creature vanquished.

Grand Total: 330 creatures vanquished

Notes
Turn   | Place    | Note
-------+----------+-------------------------------------------
     0 | D:1      | MoonRiver the Draconian Monk began the quest for the Orb.
     0 | D:1      | Reached XP level 1. HP: 19/19 MP: 1/1
    86 | D:1      | Reached XP level 2. HP: 25/26 MP: 2/2
   259 | D:1      | Reached XP level 3. HP: 33/33 MP: 3/3
   540 | D:2      | Noticed Natasha
   545 | D:2      | Killed Natasha
   608 | D:2      | Noticed Natasha
   614 | D:2      | Killed Natasha
   615 | D:2      | Reached XP level 4. HP: 37/40 MP: 4/4
   765 | D:2      | Found a stormy altar of Qazlal.
   775 | D:2      | Became a worshipper of Qazlal Stormbringer
   775 | D:2      | Reached * piety under Qazlal
   775 | D:2      | Reached ** piety under Qazlal
   906 | D:2      | Noticed Natasha
   911 | D:2      | Killed Natasha
   986 | D:2      | Reached skill level 1 in Short Blades
   988 | D:2      | Noticed Jessica
   993 | D:2      | Killed Jessica
   994 | D:2      | Reached skill level 4 in Axes
   994 | D:2      | Reached XP level 5. HP: 42/46 MP: 5/5
  1581 | D:3      | Found a faded altar of an unknown god.
  1814 | D:3      | Found a radiant altar of Vehumet.
  1853 | D:3      | Reached XP level 6. HP: 52/52 MP: 6/6
  2026 | D:3      | Gained mutation: You have large cloven feet. [potion of
                  | mutation]
  2026 | D:3      | Gained mutation: Your magical capacity is low. (-10% MP)
                  | [potion of mutation]
  2027 | D:3      | Lost mutation: Your magical capacity is low. (-10% MP)
                  | [potion of mutation]
  2027 | D:3      | Lost mutation: You have large cloven feet. [potion of
                  | mutation]
  2027 | D:3      | Gained mutation: You are robust. (+10% HP) [potion of
                  | mutation]
  2027 | D:3      | Gained mutation: Your mind is acute. (Int +4, Str/Dex -1)
                  | [potion of mutation]
  2027 | D:3      | Gained mutation: Your magical capacity is low. (-10% MP)
                  | [potion of mutation]
  2104 | D:3      | Reached skill level 5 in Axes
  2115 | D:3      | Reached *** piety under Qazlal
  2509 | D:3      | Noticed Sigmund
  2523 | D:3      | Killed Sigmund
  2762 | D:4      | Reached skill level 6 in Axes
  2762 | D:4      | Your scales start taking on a rich purple colour.
  2762 | D:4      | Reached XP level 7. HP: 66/66 MP: 6/6
  3158 | D:4      | Noticed Menkaure
  3165 | D:4      | Killed Menkaure
  3166 | D:4      | Reached skill level 5 in Fighting
  3166 | D:4      | Reached skill level 7 in Axes
  3240 | D:4      | Found a runed translucent door.
  3241 | D:4      | Noticed Crazy Yiuf
  3247 | D:4      | Killed Crazy Yiuf
  3250 | D:4      | Lost mutation: You are robust. (+10% HP) [potion of
                  | mutation]
  3250 | D:4      | Lost mutation: Your mind is acute. (Int +4, Str/Dex -1)
                  | [potion of mutation]
  3250 | D:4      | Lost mutation: Your magical capacity is low. (-10% MP)
                  | [potion of mutation]
  3250 | D:4      | Gained mutation: Your tail ends in a venomous barb. [potion
                  | of mutation]
  3534 | D:5      | Entered Level 5 of the Dungeon
  3582 | D:5      | Noticed Ijyb
  3589 | D:5      | Killed Ijyb
  3598 | D:5      | Reached XP level 8. HP: 59/68 MP: 8/8
  3680 | D:5      | Reached skill level 8 in Axes
  3688 | D:5      | Found a large runed translucent door.
  3690 | D:5      | Noticed Pikel
  3704 | D:5      | Killed Pikel
  3705 | D:5      | Reached skill level 9 in Axes
  3705 | D:5      | Reached skill level 5 in Dodging
  3706 | D:5      | Found a large runed translucent door.
  3902 | D:5      | Noticed Prince Ribbit
  3908 | D:5      | Found a large runed translucent door.
  3908 | D:5      | Found a large runed translucent door.
  3989 | D:5      | Noticed a troll
  3997 | D:5      | Killed a troll
  3998 | D:5      | Reached XP level 9. HP: 24/78 MP: 2/9
  4197 | D:5      | Found a transporter.
  4202 | D:5      | Noticed andronian's ghost (novice MfMo)
  4202 | D:5      | Noticed Edmund
  4213 | D:5      | Killed Edmund
  4292 | D:5      | Noticed Grinder
  4301 | D:5      | Killed Grinder
  4302 | D:5      | Reached skill level 10 in Axes
  4488 | D:5      | Noticed a troll
  4494 | D:5      | Killed a troll
  4558 | D:5      | Reached **** piety under Qazlal
  4562 | D:5      | Killed Prince Ribbit
  4563 | D:5      | Reached skill level 11 in Axes
  4661 | D:5      | Killed andronian's ghost
  4662 | D:5      | Reached XP level 10. HP: 61/88 MP: 7/10
  4681 | D:5      | Found a transporter.
  4974 | D:6      | Found an ornate altar of the Wu Jian Council.
  4991 | D:6      | Found a burning altar of Makhleb.
  4994 | D:6      | Found an opulent altar of Gozag.
  4997 | D:6      | Found a stormy altar of Qazlal.
  5637 | D:7      | Found a staircase to the Ecumenical Temple.
  5650 | D:7      | Reached skill level 12 in Axes
  5665 | D:7      | Found a shadowy altar of Dithmenos.
  6139 | D:8      | Found a staircase to the Lair.
  6148 | D:8      | Reached ***** piety under Qazlal
  6174 | D:8      | Reached skill level 13 in Axes
  6361 | D:8      | Noticed a two-headed ogre
  6368 | D:8      | Killed a two-headed ogre
  6369 | D:8      | Reached XP level 11. HP: 49/97 MP: 11/11
  6587 | D:8      | Found a flagged portal.
  6891 | Bailey   | Entered a bailey
  6902 | Bailey   | Reached skill level 14 in Axes
  7010 | Bailey   | Noticed an orc knight
  7033 | Bailey   | Killed an orc knight
  7663 | Lair:1   | Entered Level 1 of the Lair of Beasts
  7750 | Lair:1   | Noticed Maggie
  7757 | Lair:1   | Killed Maggie
  7793 | Lair:1   | Reached skill level 10 in Fighting
  7807 | Lair:1   | Reached skill level 15 in Axes
  8392 | Lair:1   | Reached XP level 12. HP: 107/107 MP: 12/12
  8846 | Lair:2   | Found a staircase to the Shoals.
  8852 | Lair:2   | Reached skill level 16 in Axes
 10157 | Lair:3   | Reached skill level 1 in Invocations
 10514 | Lair:3   | Identified the +6 long sword of Dailacw {vamp, Fly Dex+2}
 10546 | Lair:3   | Found a gate leading to a gauntlet.
 10758 | Lair:3   | Noticed a four-headed hydra
 10771 | Lair:3   | Killed a 14-headed hydra
 10772 | Lair:3   | Reached XP level 13. HP: 47/118 MP: 13/13
 11103 | Lair:3   | Found a hole to the Spider Nest.
 11127 | Spider:1 | Entered Level 1 of the Spider Nest
 11139 | Spider:1 | Noticed an emperor scorpion
 11148 | Spider:1 | Slain by a wolf spider

Illustrated notes

Levels and vault maps discovered:
D:1:      amcnicky_arrival_double_pillar, layout_rooms
D:2:      layout_basic, basic_altar, uniq_jessica, uniq_natasha
D:3:      layout_basic, vehumet_altar_wand_db,
          shapermc_ecumenical_altar_flowoftime, uniq_sigmund
D:4:      minmay_opposing_rooms, layout_basic, uniq_crazy_yiuf_cottage,
          uniq_menkaure
D:5:      layout_basic, gammafunk_ghost_mausoleum, minmay_misc_feat_encased,
          minmay_hollow_rounded_squares, uniq_prince_ribbit1, uniq_edmund,
          uniq_pikel, uniq_ijyb, uniq_grinder
D:6:      layout_loops_ring, grunt_temple_overflow_cloverleaf
D:7:      layout_rooms, lemuel_round_altar, minmay_misc_feat_room
D:8:      layout_loops_ring, minmay_lair_entry_grove, enter_bailey_1,
          wad_rectangle_vault
Lair:1:   layout_cave_pods, enter_volcano_2, serial_bayou_shore_b, uniq_maggie
Lair:2:   layout_gridlike, minmay_shoals_entry_centaurs
Lair:3:   layout_hall_layers, nicolae_spider_entry_orb_guardian,
          gauntlet_entry_generic, lemuel_fruit_tree, serial_bayou_shore_b,
          grunt_megastairs_4, infiniplex_staircase_pool
Spider:1: layout_spider_delve, worms_lemuel

Skill      XL: |  1  2  3  4  5  6  7  8  9 10 11 12 |
---------------+-------------------------------------+-----
Dodging        | 3 4 5 6 7 8 9 |  9.6
Short Blades   | 1 |  1.5
Axes           | 4 6 7 9 11 13 15 16 | 16.9
Fighting       | 4 5 6 7 9 10 12 | 12.4
Invocations    | 1 |  1.2
Stealth        | |  0.1

Action                     |  1- 3 |  4- 6 |  7- 9 | 10-12 | 13-15 || total
---------------------------+-------+-------+-------+-------+-------++-------
  Melee: Hand axe          |    24 |       |       |       |       ||    24
         Tailslap          |     6 |    14 |    35 |    90 |     3 ||   148
         Dagger            |    50 |     3 |       |       |       ||    53
         War axe           |       |   101 |   141 |   407 |    19 ||   668
  Throw: Dart              |       |       |     1 |       |       ||     1
 Invoke: Elemental Force   |       |       |       |     1 |       ||     1
    Use: Scroll            |     3 |     6 |     8 |     3 |       ||    20
         Potion            |       |     2 |     3 |     3 |     2 ||    10
 Armour: Skin              |    22 |    24 |    24 |    81 |     9 ||   160
  Dodge: Dodged            |    49 |    72 |   137 |   267 |    32 ||   557
         Repelled          |       |       |       |     4 |       ||     4
  Block: Orb               |       |    13 |    40 |   209 |    30 ||   292
         Reflection        |       |       |       |     8 |     1 ||     9
